 Dungeon Crawl Stone Soup version 0.31.0-10-gcf4a605ca0 (webtiles) character file.

Game seed: 16640685206714104936

107 dexterity1 the Grave Robber (level 4, 0/30 HPs)
             Began as a Demonspawn Necromancer on Jan 25, 2024.
             Constricted to death by a ball python (1 damage)
             ... on level 2 of the Dungeon.
             The game lasted 00:12:26 (1580 turns).

dexterity1 the Grave Robber (DsNe)                  Turns: 1580, Time: 00:12:26

Health: 0/30       AC:  2    Str:  7 (8)  XL:     4   Next: 56%
Magic:  7/8        EV:  9    Int: 14 (17) God:
Gold:   50         SH:  0    Dex: 14      Spells: 5/9 levels left

rFire   . . .        e - +0 dagger
rCold   . . .        (no shield)
rNeg    . . .        a - +0 robe
rPois   .            (no helmet)
rElec   .            (no cloak)
rCorr   .            (no gloves)
SInv    .            (no boots)
Will    .....        (no amulet)
Stlth   +            (no ring)
HPRegen 0.25/turn    (no ring)
MPRegen 0.11/turn

%: no passive effects
@: silenced (expiring), constricted
A: ignite blood 2, weakness stinger 1
a: no special abilities


You were on level 2 of the Dungeon.
You visited 1 branch of the dungeon, and saw 2 of its levels.

You collected 50 gold pieces.

Inventory:

Hand Weapons
 e - a +0 dagger (weapon)
Missiles
 g - 2 poisoned darts
Armour
 a - a +0 robe (worn)
 c - a +0 chain mail
Scrolls
 f - a scroll of fear
 h - a scroll of enchant armour {unknown}
Potions
 b - a potion of magic


   Skills:
 + Level 2.0 Dodging
 + Level 2.4 Stealth
 + Level 0.1 Unarmed Combat
 + Level 3.0 Spellcasting
 + Level 5.4 Necromancy


You had 5 spell levels left.
You knew the following spells:

 Your Spells              Type           Power      Damage    Failure   Level
a - Necrotise             Necr           68%        1d7       2%          1
b - Vampiric Draining     Necr           17%        2d7       7%          3

Your spell library contained the following spells:

 Spells                   Type           Power      Damage    Failure   Level
 Animate Dead             Necr           17%        N/A       22%         4
 Curse of Agony           Necr           17%        N/A       54%         5


Dungeon Overview and Level Annotations

Branches:
Dungeon (2/15)

Altars:


Innate Abilities, Weirdness & Mutations

Your demonic aura often causes spilled blood to erupt in flames.
You have a small tail.


Message History

Unknown command.
You escape the ball python's grasp.
The kobold misses you.
The ball python attacks as it pursues you!
The ball python barely misses you. The ball python grabs you.
The ball python constricts you.
* * * LOW HITPOINT WARNING * * *
The kobold says something but you don't hear anything.
The kobold attacks as it pursues you! The kobold closely misses you.
Magic scrolls do not work when you're silenced!
Okay, then.
You cannot cast spells when silenced!
You escape the ball python's grasp.
The ball python attacks as it pursues you!
The ball python barely misses you. The ball python closely misses you.
Found a scroll of identify.
The kobold throws a stone.
The stone hits you.
* * * LOW HITPOINT WARNING * * *
A goblin comes into view. It is wielding a +0 dagger.
Found a stone staircase leading down.
The ball python barely misses you. The ball python grabs you.
The ball python constricts you.
You escape the ball python's grasp.
Found 9 gold pieces.
You see here a scroll of identify.
The goblin hits you with a +0 dagger.
* * * LOW HITPOINT WARNING * * *
The goblin hits you with a +0 dagger.
* * * LOW HITPOINT WARNING * * *
The ball python barely misses you. x2
The goblin attacks as it pursues you! The goblin hits you but does no damage.
The ball python attacks as it pursues you!
The ball python bites you.
* * * LOW HITPOINT WARNING * * *
The ball python grabs you. The ball python constricts you.
* * * LOW HITPOINT WARNING * * *
There is a stone staircase leading down, spattered with blood here.
You escape the ball python's grasp.
The goblin misses you. The ball python bites you.
* * * LOW HITPOINT WARNING * * *
The ball python grabs you.
You stop descending the stairs.
The ball python constricts you.
You die...

###### #....#
#....# #### #.S..#
##...
#@gK?#########....
#....KrJ...J......
#....########.....
#....# #.....
#.$..# ##....
#....# #.(†..
#....# #.....
###.## ####.....
#. #........


You could see an endoplasm, a goblin, a ball python, 2 kobolds and a rat.

Vanquished Creatures
  A scorpion (D:2)
  3 adders (D:2)
  5 bats
  3 endoplasms
  A giant cockroach (D:1)
  2 goblins (D:1)
  A hobgoblin (D:1)
  2 kobolds
  3 ball pythons
  2 frilled lizards (D:1)
  2 rats
25 creatures vanquished.

Notes
Turn   | Place    | Note
-------+----------+-------------------------------------------
     0 | D:1      | dexterity1 the Demonspawn Necromancer began the quest for
                  | the Orb.
     0 | D:1      | Reached XP level 1. HP: 13/13 MP: 3/3
   372 | D:1      | Gained mutation: Your demonic aura sometimes causes spilled
                  | blood to erupt in flames. [demonic ancestry]
   372 | D:1      | Reached XP level 2. HP: 19/19 MP: 3/5
   399 | D:1      | Found a faded altar of an unknown god.
   728 | D:1      | Reached skill level 5 in Necromancy
  1287 | D:2      | Gained mutation: Your demonic aura often causes spilled
                  | blood to erupt in flames. [demonic ancestry]
  1287 | D:2      | Reached XP level 3. HP: 23/24 MP: 2/6
  1426 | D:2      | Noticed a scorpion
  1431 | D:2      | Learned a level 3 spell: Vampiric Draining
  1437 | D:2      | Killed a scorpion
  1438 | D:2      | Discovered your monstrous ancestry.
  1438 | D:2      | Gained mutation: You have a small tail. [demonic ancestry]
  1438 | D:2      | Reached XP level 4. HP: 26/30 MP: 0/8
  1580 | D:2      | HP: 1/30 [ball python (2)]
  1580 | D:2      | Constricted to death by a ball python

Illustrated notes

Levels and vault maps discovered:
D:1:      scummos_arrival_star, layout_loops_corners,
          hellmonk_ecumenical_altar_slurped_away
D:2:      layout_rooms

Skill      XL: |  1  2  3  4 |
---------------+-------------+-----
Necromancy     | 5 |  5.4
Stealth        | 2 |  2.4
Dodging        | 2 |  2.0
Spellcasting   | 3 |  3.0
Unarmed Combat | |  0.1

Action                     |  1- 3 |  4- 6 || total
---------------------------+-------+-------++-------
  Melee: Unarmed           |    21 |    14 ||    35
         Dagger            |       |     2 ||     2
         Tailslap          |       |     1 ||     1
   Cast: Necrotise         |    38 |     7 ||    45
    Use: Potion            |     3 |       ||     3
         Scroll            |     3 |     1 ||     4
 Armour: Robe              |    25 |    19 ||    44
  Dodge: Dodged            |    23 |    23 ||    46
